 Dungeon Crawl Stone Soup version 0.17.1-1-g73c8601 (webtiles) character file.

170 Implojin the Ruffian (level 5, -2/50 HPs)
             Began as a Troll Fighter on Apr 4, 2016.
             Killed by divine providence
             ... invoked by an orc priest
              (14 damage)
             ... on level 6 of the Dungeon.
             The game lasted 00:03:56 (696 turns).

Implojin the Ruffian (Troll Fighter)                 Turns: 696, Time: 00:03:56

Health: -2/50      AC:  5    Str: 24    XL:     5   Next: 25%
Magic:  4/4        EV:  8    Int:  4    God:
Gold:   52         SH:  8    Dex: 10    Spells: 0 memorised, 4 levels left

rFire  . . .     SeeInvis .       - Unarmed
rCold  . . .     Clarity  .     a - +0 robe
rNeg   . . .     SustAt   .     b - +0 shield
rPois  .         Gourm    +     (helmet restricted)
rElec  .         Spirit   .     (no cloak)
rCorr  +         Warding  .     (gloves unavailable)
rMut   .         Stasis   .     (boots unavailable)
MR     .....                    g - amulet of resist corrosion
Stlth  +.........               (no ring)
                                (no ring)

@: not resistant to hostile enchantments, very unstealthy
A: unfitting armour, claws 3, fast metabolism 3, gourmand, regeneration 2,
shaggy fur 1, tough skin 2
a: no special abilities


You were on level 6 of the Dungeon.
You were not hungry.

You visited 1 branch of the dungeon, and saw 8 of its levels.

You collected 52 gold pieces.

Inventory:

Armour
 a - a +0 robe (worn)
 b - a +0 shield (worn)
Jewellery
 g - an amulet of resist corrosion (around neck)
Wands
 n - a wand of enslavement (5)
Scrolls
 e - 4 scrolls of identify
 m - a scroll of teleportation {unknown}
Potions
 c - a potion of might
 h - a potion of heal wounds
 i - a potion of brilliance
 j - a potion of flight
 l - a potion of poison {unknown}
Books
 k - a book of Air

   Spells                             Type                      Level
   a - Shock                          Conjuration/Air              1
   b - Swiftness                      Charms/Air                   2
   c - Repel Missiles                 Charms/Air                   2
   d - Static Discharge               Conjuration/Air              3
   e - Lightning Bolt                 Conjuration/Air              5
Comestibles
 d - 3 bread rations
 f - a royal jelly


   Skills:
 - Level 2.4 Fighting
 - Level 2.4 Dodging
 - Level 2.4 Shields
 * Level 5.5 Unarmed Combat


You had 4 spell levels left.
You didn't know any spells.

Dungeon Overview and Level Annotations

Branches:
Dungeon (8/15)
 Temple: D:4-7         Lair: D:8-11

Altars:
Makhleb
Xom

Annotations:
D:5 Edmund


Innate Abilities, Weirdness & Mutations

You are too large for most types of armour.
You have claws for hands.
Your metabolism is lightning-fast.
You like to eat raw meat.
You heal very quickly.
You are covered in fur (AC +1).
You have very tough skin (AC +2).


Message History

The orc wizard shouts!
You hear a shout!
You hear a shout!
The orc shouts!
You hear a shout! 2 orcs and an orc priest come into view.
The orc priest shouts!
The orc shouts!
The orc shouts!
The orc priest looks braver for a moment.
The orc wizard hits you but does no damage.
There is an open door here.
You barely miss the orc wizard. You block the orc wizard's attack.
You barely miss the orc wizard. The orc hits you but does no damage.
The orc wizard hits you but does no damage.
You closely miss the orc wizard. The orc priest barely misses you.
You barely miss the orc wizard. You block the orc's attack.
The orc priest barely misses you. The orc hits you with a flail!
You scratch the orc wizard but do no damage.
You block the orc wizard's attack. You block the orc's attack.
You claw the orc wizard!
The orc wizard is almost dead.
The orc priest casts a cantrip, but nothing happens.
The orc hits you with a flail! The orc wizard hits you with a dagger!
* * * LOW HITPOINT WARNING * * *
The orc barely misses you.
You closely miss the orc wizard.
The orc wizard is almost dead.
The orc priest invokes the aid of Beogh against you.
Something smites you!
* * * LOW HITPOINT WARNING * * *
The orc closely misses you.
The orc wizard points at you and mumbles some strange words.
The puff of flame hits you!
* * * LOW HITPOINT WARNING * * *
The orc wizard mumbles some strange words.
The orc wizard flickers and vanishes!
Deactivating autopickup; reactivate with Ctrl-A.
You barely miss the orc. You closely miss the orc. You block the orc's attack.
The orc hits you with a war axe.
* * * LOW HITPOINT WARNING * * *
The orc priest calls down the wrath of Beogh upon you.
Something smites you!
You die...

.......
################.......
#..............o'o......
#..............##..........
#............{.##..........
#............o..#..........
#.........o.....#..........
+.........o.....#..........
#...[.....@.....#.......≈..
#...###...##...##.........≈
#...###...#######. ..≈
#................. ..≈
#......>.......... ..≈
+..........................
#..####...##...##..........
#. ###...##...##..........
. #..........#...........


You could see an orc priest and 3 orcs.

Vanquished Creatures
  A crimson imp (D:6)
  A hound (D:5)
  An orc wizard (D:6)
  A worker ant (D:5)
  2 adders
  A worm (D:2)
  A giant gecko (D:3)
  2 orcs
  A ball python (D:2)
  3 bats
  2 giant cockroaches (D:1)
  3 goblins
  6 jackals
  A quokka (D:3)
  3 giant newts
  6 kobolds
  A quokka skeleton (D:4)
  3 rats
39 creatures vanquished.

Notes
Turn   | Place    | Note
--------------------------------------------------------------
     0 | D:1      | Implojin the Troll Fighter began the quest for the Orb.
     0 | D:1      | Reached XP level 1. HP: 22/22 MP: 0/0
    23 | D:1      | Reached XP level 2. HP: 29/29 MP: 1/1
   142 | D:1      | You fall through a shaft!
   150 | D:2      | Reached skill level 3 in Unarmed Combat
   306 | D:3      | Reached XP level 3. HP: 29/36 MP: 2/2
   348 | D:5      | Entered Level 5 of the Dungeon
   425 | D:6      | Found a burning altar of Makhleb.
   426 | D:6      | Found a shimmering altar of Xom.
   430 | D:6      | Reached skill level 4 in Unarmed Combat
   466 | D:5      | Reached XP level 4. HP: 39/44 MP: 3/3
   478 | D:5      | Noticed Edmund
   481 | D:5      | Reached skill level 5 in Unarmed Combat
   542 | D:6      | Reached XP level 5. HP: 30/50 MP: 4/4
   602 | D:8      | Noticed an ogre
   602 | D:8      | Noticed an orc warrior
   621 | D:7      | Noticed an ogre
   696 | D:6      | Killed from afar by an orc priest

Action                   |  1- 3 |  4- 6 || total
-------------------------+-------+-------++-------
Melee: Unarmed           |   107 |    37 ||   144
  Use: Scroll            |       |     3 ||     3
  Eat: Chunk             |     3 |     1 ||     4

Table legend:
 A = Turns spent in this place as a percentage of turns spent in the entire game.
 B = Non-inter-level travel turns spent in this place as a percentage of non-inter-level travel turns spent in the entire game.
 C = Inter-level travel turns spent in this place as a percentage of turns spent in this place.
 D = Turns resting spent in this place as a percentage of non-inter-level travel turns spent in this place.
 E = Turns spent auto-exploring this place as a percentage of non-inter-level travel turns spent in this place.
 F = Non-inter-level travel turns spent in this place divided by the number of levels of this place that you've seen.
                   A       B       C       D       E      F
               +-------+-------+-------+-------+-------+----------------------
         Total | 100.0 | 100.0 |   0.0 |   0.0 |   0.0 |  83.9
       Dungeon | 100.0 | 100.0 |   0.0 |   0.0 |   0.0 |  83.9
               +-------+-------+-------+-------+-------+----------------------

Table legend:
 A = Kills in this place as a percentage of kills in entire the game.
 B = Kills by you in this place as a percentage of kills by you in the entire game.
 C = Kills by friends in this place as a percentage of kills by friends in the entire game.
 D = Other kills in this place as a percentage of other kills in the entire game.
 E = Experience gained in this place as a percentage of experience gained in the entire game.
 F = Experience gained in this place divided by the number of levels of this place that you have seen.
                   A       B       C       D       E      F
               +-------+-------+-------+-------+-------+----------------------
         Total | 100.0 | 100.0 |  -nan |  -nan | 100.0 |  30.4
       Dungeon | 100.0 | 100.0 |  -nan |  -nan | 100.0 |  30.4
               +-------+-------+-------+-------+-------+----------------------
